 Dungeon Crawl Stone Soup version 0.31-a0-1388-g4b2ba238e7 (webtiles) character file.

Game seed: 18012248560976846561

4865 MisterAzrael the Thaumaturge (level 10, -5/46 (50) HPs)
             Began as a Deep Elf Conjurer on Dec 25, 2023.
             Was a Follower of Sif Muna.
             Killed from afar by a steam dragon (20 damage)
             ... with a ball of steam
             ... on level 8 of the Dungeon.
             The game lasted 00:19:37 (9069 turns).

MisterAzrael the Thaumaturge (Deep Elf Conjurer)    Turns: 9069, Time: 00:19:38

HP:   -5/46 (50)    AC:  7    Str:  6    XL:     10   Next: 26%
MP:   21/25         EV: 12    Int: 34    God:    Sif Muna [*.....]
Gold: 353           SH:  0    Dex: 19    Spells: 16/27 levels left

rFire   . . .        A - +10 glaive "Bioruk Unusch" {heavy, *Slow Will+ Int+6}
rCold   + . .        (shield currently unavailable)
rNeg    . . .        N - +2 leather armour of the Midnight Sun {Regen+ Int+2}
rPois   .            (no helmet)
rElec   .            r - +1 cloak {rCorr}
rCorr   +            (no gloves)
SInv    .            (no boots)
Will    ++...        s - amulet of regeneration
Stlth   ++           M - +6 ring of dexterity
HPRegen 1.87/turn    Q - ring of protection from cold
MPRegen 0.19/turn

%: slow self (1%)
@: drained
A: no striking features
a: Renounce Religion, Channel Magic


You were on level 8 of the Dungeon.
You worshipped Sif Muna.
Sif Muna was aware of your devotion.
You visited 2 branches of the dungeon, and saw 9 of its levels.

You collected 423 gold pieces.
You spent 70 gold pieces at shops.

Inventory:

Hand Weapons
 q - a +2 quarterstaff of chaos
 A - the +10 glaive "Bioruk Unusch" (weapon) {heavy, *Slow Will+ Int+6}
   (You took it off an orc on level 5 of the Dungeon)

   Int+6:     It affects your intelligence (+6).
   Will+:     It increases your willpower.
   *Slow:     It may slow you when you take damage.
Missiles
 e - 18 poisoned darts
Armour
 a - a +0 robe
 c - a +0 kite shield
 r - a +1 cloak of preservation (worn)
 B - a +0 leather armour of fire resistance
 L - an orb of mayhem
 N - the +2 leather armour of the Midnight Sun (worn) {Regen+ Int+2}
   (You found it on level 7 of the Dungeon)

   Int+2:     It affects your intelligence (+2).
   Regen+:    It increases your rate of health regeneration.
Magical Staves
 y - a staff of death
Jewellery
 g - an amulet of the acrobat
 s - an amulet of regeneration (around neck)
 M - a +6 ring of dexterity (left hand)
 Q - a ring of protection from cold (right hand)
Talismans
 b - a serpent talisman
 k - a granite talisman
 O - a storm talisman
Wands
 H - a wand of digging (5)
 K - a wand of paralysis (15)
Scrolls
 d - 7 scrolls of identify {unknown}
 f - 2 scrolls of amnesia {unknown}
 h - a scroll of enchant armour {unknown}
 i - 3 scrolls of enchant weapon {unknown}
 j - a scroll of acquirement {unknown}
 l - 2 scrolls of immolation {unknown}
 n - a scroll of silence {unknown}
 p - 5 scrolls of teleportation {unknown}
 D - 4 scrolls of noise {unknown}
 F - a scroll of fear {unknown}
 I - a scroll of poison {unknown}
 P - a scroll of vulnerability {unknown}
Potions
 m - 2 potions of degeneration {unknown}
 o - 2 potions of haste {unknown}
 t - 4 potions of curing {unknown}
 u - a potion of ambrosia {unknown}
 v - 2 potions of enlightenment {unknown}
 w - 2 potions of resistance {unknown}
 x - 3 potions of brilliance {unknown}
 z - a potion of berserk rage {unknown}
 C - a potion of mutation {unknown}
 E - a potion of heal wounds
 G - a potion of lignification {unknown}
 J - a potion of might {unknown}
 R - a potion of attraction {unknown}


   Skills:
 * Level 5.6(5.7) Polearms
 - Level 2.2(5.2) Staves
 - Level 2.4 Dodging
 - Level 2.5 Stealth
 + Level 9.0 Spellcasting
 + Level 8.5 Conjurations
 - Level 7.4 Translocations
 + Level 2.7 Invocations
 * Level 4.8 Shapeshifting


You had 16 spell levels left.
You knew the following spells:

 Your Spells              Type           Power      Damage    Failure   Level
a - Magic Dart            Conj           100%       1d8       1%          1
b - Searing Ray           Conj           100%       2d8       1%          2
c - Iskenderun's Mystic   Conj/Tloc      62%        2d13      1%          4
d - Manifold Assault      Tloc           60%        N/A       2%          4

Your spell library contained the following spells:

 Spells                   Type           Power      Damage    Failure   Level
 Dazzling Flash           Conj/Hex       88%        N/A       2%          3
 Volatile Blastmotes      Fire/Tloc      80%        2d16      3%          3
 Summon Small Mammal      Summ           60%        N/A       4%          1
 Fulminant Prism          Conj/Alch      22%        3d12      8%          4
 Call Canine Familiar     Summ           15%        N/A       14%         3
 Fugue of the Fallen      Necr           15%        N/A       14%         3
 Ozocubu's Armour         Ice            15%        N/A       14%         3
 Summon Guardian Golem    Hex/Summ       15%        N/A       14%         3
 Starburst                Conj/Fire      22%        6d7       77%         6
 Maxwell's Capacitive Co  Air            7%         ∞         100%        8


Dungeon Overview and Level Annotations

Branches:
Dungeon (8/15)             Temple (1/1) D:6
   Lair: D:8-11

Altars:
Cheibriados
Dithmenos
Gozag
Hepliaklqana
Kikubaaqudgha
Makhleb
Nemelex Xobeh
Qazlal
Ru
Sif Muna
Trog
Uskayaw
Vehumet
Wu Jian
Yredelemnul
Zin
The Shining One

Shops:
D:1 !   D:2 =   D:5 !   D:8 ([[

Annotations:
D:4 1 runed translucent door, MisterAzrael's ghost, amateur HOFi
Temple 2 transporters


Message History

You start resting.
HP restored.
Magic restored.
Things that are here:
a +5 long sword; a +0 robe
Things that are here:
a +3 scimitar; a +0 robe
There is a stone staircase leading up here.
A steam dragon comes into view.
Found Loybask's Superior Scales.
A steam dragon is nearby!
Casting: Searing Ray (safe; 1% risk of failure)
Confirm with . or Enter, or press ? or * to list all spells.
Aiming: Searing Ray (safe; 1% risk of failure)
Press: ? - help, Shift-Dir - straight line, f - steam dragon
Aim: a steam dragon (asleep, 100% to hit)
The searing ray hits the steam dragon!
The steam dragon is moderately wounded. (Press . to maintain the ray.)
The steam dragon breathes steam at you. The ball of steam hits you.
The searing ray misses the steam dragon.
You are engulfed in a cloud of scalding steam.
The searing ray hits the steam dragon!
The steam dragon is severely wounded.
You are engulfed in a cloud of scalding steam.
The steam dragon misses you. x2
The searing ray hits the steam dragon.
The steam dragon is almost dead.
You finish channelling your searing ray.
You are engulfed in a cloud of scalding steam.
The steam dragon bites you. The steam dragon barely misses you.
You are engulfed in a cloud of scalding steam.
The steam dragon attacks as it pursues you!
The steam dragon bites you!
* * * LOW HITPOINT WARNING * * *
The steam dragon barely misses you. The steam dragon breathes steam at you.
The ball of steam hits you!!
You die...

.#..[....#.###....#
.........##.#.##.##
...##.######.##### .)....#
#.# ...#### #.#
..##########.# .............#
######## ....##########
#......# .##.# #@####.#######
.##.### ###§####.#.....#
......# #≈§D#........#.#
###.#.##
#≈..≈#..#.#...#<#####
.......#
#≈∩.≈#....#####......
####...# ###≈≈##....# #######
#...# #.#####.#.########
#...# #.##.##.#.#.......
####...#####.......#.#.......


You could see a steam dragon (catching breath).

Vanquished Creatures
  A two-headed ogre (D:7)
  Jeremiah (D:6)
  Prince Ribbit (D:8)
  Grinder (D:3)
  Sigmund (D:6)
  5 yaks (D:8)
  Menkaure (D:6)
  Edmund (D:6)
  2 orc warriors (D:7)
  A sky beast (D:8)
  An ogre (D:5)
  2 ice beasts
  A centaur (D:6)
  A kobold brigand (D:6)
  3 scorpions
  9 wights
  3 killer bees (D:8)
  2 howler monkeys (D:8)
  A bombardier beetle (D:4)
  A jelly (D:7)
  3 hounds (D:4)
  Crazy Yiuf (D:2)
  5 orc priests
  5 iguanas
  Natasha (thrice) (D:3)
  7 orc wizards
  Robin (D:3)
  5 adders
  4 gnolls (D:5)
  2 white imps
  4 ufetubi
  6 dart slugs
  24 orcs
  4 endoplasms
  3 giant cockroaches
  14 goblins
  9 hobgoblins
  3 quokkas
  6 ball pythons
  3 bats
  3 frilled lizards
  9 kobolds
  3 rats
166 creatures vanquished.

Notes
Turn   | Place    | Note
-------+----------+-------------------------------------------
     0 | D:1      | MisterAzrael the Deep Elf Conjurer began the quest for the
                  | Orb.
     0 | D:1      | Reached XP level 1. HP: 10/10 MP: 6/6
   316 | D:1      | Reached XP level 2. HP: 15/15 MP: 4/8
   319 | D:1      | Learned a level 2 spell: Searing Ray
   515 | D:1      | Found Xateg's Distillery.
   911 | D:1      | Reached skill level 5 in Conjurations
  1165 | D:2      | Reached XP level 3. HP: 19/19 MP: 3/10
  1254 | D:2      | Found a runed translucent door.
  1255 | D:2      | Noticed Crazy Yiuf
  1401 | D:2      | Found Miker's Jewellery Shop.
  1509 | D:2      | Found a faded altar of an unknown god.
  1767 | D:2      | Reached skill level 4 in Spellcasting
  1767 | D:2      | Reached skill level 1 in Shapeshifting
  1767 | D:2      | Reached XP level 4. HP: 22/24 MP: 8/12
  1829 | D:2      | Learned a level 4 spell: Iskenderun's Mystic Blast
  1979 | D:2      | Killed Crazy Yiuf
  2151 | D:3      | Noticed Robin
  2155 | D:3      | Reached skill level 1 in Translocations
  2156 | D:3      | Killed Robin
  2310 | D:3      | Noticed Natasha
  2314 | D:3      | Killed Natasha
  2315 | D:3      | Reached XP level 5. HP: 20/28 MP: 7/13
  2481 | D:3      | Noticed Grinder
  2493 | D:3      | Killed Grinder
  2494 | D:3      | Reached XP level 6. HP: 19/32 MP: 1/15
  2645 | D:3      | Noticed Natasha
  2651 | D:3      | Killed Natasha
  2758 | D:3      | Noticed Natasha
  2763 | D:3      | Killed Natasha
  2789 | D:3      | You fall into a shaft and drop 1 floor!
  2881 | D:3      | Reached skill level 5 in Spellcasting
  3472 | D:4      | Found a runed translucent door.
  3473 | D:4      | Noticed MisterAzrael's ghost (amateur HOFi)
  3774 | D:4      | Reached skill level 1 in Staves
  3774 | D:4      | Reached XP level 7. HP: 36/36 MP: 9/16
  4558 | D:5      | Entered Level 5 of the Dungeon
  4794 | D:5      | Identified the +10 glaive "Bioruk Unusch" {heavy, *Slow
                  | Will+ Int+6}
  4887 | D:5      | Learned a level 4 spell: Manifold Assault
  5333 | D:5      | Reached skill level 1 in Polearms
  5333 | D:5      | Reached skill level 6 in Spellcasting
  5658 | D:5      | Found Goikk's Distillery.
  5661 | D:5      | Bought a potion of heal wounds for 70 gold pieces
  5842 | D:6      | Reached XP level 8. HP: 38/41 MP: 7/19
  5971 | D:6      | Found a staircase to the Ecumenical Temple.
  5982 | Temple   | Found a transporter.
  5982 | Temple   | Found a transporter.
  5982 | Temple   | Found a transporter.
  5982 | Temple   | Found a transporter.
  5982 | Temple   | Entered the Ecumenical Temple
  6018 | Temple   | Became a worshipper of Sif Muna the Loreminder
  6066 | D:6      | Noticed Sigmund
  6073 | D:6      | Killed Sigmund
  6227 | D:6      | Noticed Menkaure
  6230 | D:6      | Killed Menkaure
  6231 | D:6      | Reached skill level 5 in Translocations
  6364 | D:6      | Noticed Edmund
  6372 | D:6      | Killed Edmund
  6452 | D:6      | Noticed Jeremiah
  6464 | D:6      | Killed Jeremiah
  6465 | D:6      | Reached skill level 7 in Spellcasting
  6821 | D:7      | Noticed a two-headed ogre
  6827 | D:7      | Killed a two-headed ogre
  6828 | D:7      | Reached XP level 9. HP: 45/45 MP: 12/22
  6846 | D:7      | Reached skill level 8 in Spellcasting
  7245 | D:7      | Reached * piety under Sif Muna
  7362 | D:7      | Identified the +2 leather armour of the Midnight Sun
                  | {Regen+ Int+2}
  7626 | D:7      | Reached skill level 1 in Invocations
  7913 | D:8      | Reached skill level 5 in Polearms
  8318 | D:8      | Noticed Prince Ribbit
  8328 | D:8      | Killed Prince Ribbit
  8530 | D:8      | Found Venurph's Weapon Emporium.
  8725 | D:8      | Found Xat Coen's Antique Armour Boutique.
  8734 | D:8      | Reached XP level 10. HP: 45/50 MP: 19/24
  8897 | D:8      | Reached skill level 9 in Spellcasting
  9060 | D:8      | Found Loybask's Superior Scales.
  9069 | D:8      | Killed from afar by a steam dragon

Illustrated notes

Levels and vault maps discovered:
D:1:      minmay_arrival_semitransparent, layout_loops_corners, serial_shops,
          nicolae_shop_behind_doors
D:2:      layout_loops_cross, dreamdust_ecumenical_altar_statues, serial_shops,
          shop, uniq_crazy_yiuf_cottage
D:3:      layout_loops_ring, minmay_door_square, uniq_grinder, uniq_natasha,
          uniq_robin
D:4:      layout_basic, ebering_ghost_reflecting_pool
D:5:      layout_basic, serial_shops, kennysheep_mini_moat,
          hangedman_abyss_or_decor_jellyfish_corner
D:6:      layout_loops_cross, minmay_temple_entry_drinking_statues,
          uniq_jeremiah, uniq_edmund, uniq_menkaure, uniq_sigmund
D:7:      layout_loops_ring
D:8:      layout_loops_cross, serial_shops, shop_fountains, shop,
          hellmonk_scale_shop, uniq_prince_ribbit1
Temple:   hellmonk_temple_divided_pantheon

Skill      XL: |  1  2  3  4  5  6  7  8  9 10 |
---------------+-------------------------------+-----
Conjurations   | 5 6 7 8 |  8.5
Spellcasting   | 4 5 6 7 8 9 |  9.0
Shapeshifting  | 1 2 4 |  4.8
Translocations | 1 3 4 7 |  7.4
Staves         | 1 2 |  2.2
Polearms       | 1 4 5 |  5.6
Invocations    | 2 |  2.7
Dodging        | |  2.4
Stealth        | |  2.5

Action                     |  1- 3 |  4- 6 |  7- 9 | 10-12 || total
---------------------------+-------+-------+-------+-------++-------
  Melee: Quarterstaff      |       |     6 |       |       ||     6
         Glaive            |       |       |    78 |     4 ||    82
   Cast: Magic Dart        |    68 |    23 |   104 |     2 ||   197
         Searing Ray       |       |    18 |    31 |     8 ||    57
         Iskenderun's Myst |       |     1 |     3 |       ||     4
         Manifold Assault  |       |       |    21 |       ||    21
    Use: Potion            |       |       |     2 |       ||     2
   Stab: Sleeping          |       |     1 |       |       ||     1
 Armour: Robe              |     3 |    17 |    57 |       ||    77
         Leather armour    |       |       |    41 |    19 ||    60
  Dodge: Dodged            |     6 |    21 |    59 |    14 ||   100

Table legend: (Time is in decaauts)
 A = Elapsed time spent in this place.
 B = Non-inter-level travel time spent in this place.
 C = Inter-level travel time spent in this place.
 D = Time resting spent in this place.
 E = Time spent auto-exploring this place.
 F = Levels seen in this place.
 G = Mean time per level.
                   A        B        C        D        E       F      G
               +--------+--------+--------+--------+--------+-----+--------+
         Total |   9167 |   9033 |    134 |   1090 |   6735 |   9 | 1018.6 |
       Dungeon |   9114 |   8980 |    134 |   1090 |   6735 |   8 | 1139.2 |
        Temple |     52 |     52 |      0 |      0 |      0 |   1 |   52.0 |
               +--------+--------+--------+--------+--------+-----+--------+

Top non-repeatable levels by time:
     D:3: 1259 daAuts
     D:4: 1253 daAuts
     D:5: 1237 daAuts
     D:8: 1206 daAuts
     D:7: 1080 daAuts
     D:2: 1039 daAuts
     D:1: 1024 daAuts
     D:6: 1013 daAuts
  Temple: 52 daAuts
